 Dungeon Crawl Stone Soup version 0.24.1-11-gbbbb2193e6 (webtiles) character file.

Game seed: 3139729026036617257, levelgen mode: deterministic

90 Destapler the Skirmisher (level 4, -4/37 HPs)
             Began as a Human Wanderer on May 14, 2020.
             Slain by Sigmund
             ... wielding a +0 scythe
              (9 damage)
             ... on level 2 of the Dungeon.
             The game lasted 00:06:26 (1771 turns).

Destapler the Skirmisher (Human Wanderer)           Turns: 1771, Time: 00:06:27

Health: -4/37      AC:  3    Str: 13    XL:     4   Next: 85%
Magic:  5/5        EV: 10    Int: 14    God:
Gold:   70         SH:  3    Dex: 11    Spells: 3/3 levels left

rFire    . . .     SeeInvis .   a - +0 spear
rCold    . . .     Gourm    .   i - +0 buckler
rNeg     . . .     Faith    .   j - +0 leather armour
rPois    .         Spirit   .   (no helmet)
rElec    .         Reflect  .   (no cloak)
rCorr    .         Harm     .   (no gloves)
MR       .....                  (no boots)
Stlth    +.........             b - amulet of inaccuracy (curse)
HPRegen  0.12/turn              (no ring)
MPRegen  0.09/turn              (no ring)

@: invisible
A: no striking features
a: no special abilities


You were on level 2 of the Dungeon.
You were hungry.

You visited 1 branch of the dungeon, and saw 2 of its levels.

You collected 70 gold pieces.

Inventory:

Hand Weapons
 a - a +0 spear (weapon)
Armour
 d - a +0 robe
 i - a +0 buckler (worn)
 j - a +0 leather armour (worn)
Jewellery
 b - a cursed amulet of inaccuracy (around neck)
Scrolls
 e - 5 scrolls of identify
 g - a scroll of remove curse {unknown}
 k - a scroll of teleportation
Potions
 c - 2 potions of curing
 h - a potion of ambrosia {unknown}
 l - a potion of lignification
Comestibles
 f - 6 rations


   Skills:
 + Level 3.7 Fighting
 + Level 2.0 Polearms
 - Level 1.0 Stealth
 + Level 1.5 Shields
 - Level 2.0 Unarmed Combat
   Level 1.0 Hexes
   Level 2.0 Necromancy
   Level 1.9 Evocations


You had 3 spell levels left.
You didn't know any spells.
Your spell library was empty.

Dungeon Overview and Level Annotations

Branches:
Dungeon (2/15)

Altars:

Annotations:
D:2 Sigmund


Message History

Attack whom?
Press: ? - help, Dir - move target cursor You reach to attack!
You closely miss something.
You hear some strange, mumbled words.
Something tries to affect you, but you resist.
Attack whom?
Press: ? - help, Dir - move target cursor You reach to attack!
You closely miss something.
You hear some strange, mumbled words.
A puff of flame appears from out of thin air!
The puff of flame hits you!
* * * LOW HITPOINT WARNING * * *
Attack whom?
Press: ? - help, Dir - move target cursor You reach to attack!
You miss something. Something hits you!
* * * LOW HITPOINT WARNING * * *
It was a potion of invisibility.
You fade into invisibility!
Something hits you!
You die...

##.#.# #######.##
#.#.#####........#
#.#(...##........#
#.#....##........#
######.)....##........#
............########.######
............# #...........#
.......#....# #...........#
.......#....###.@.{.......#
..............'...........#
.......#....###...........#
........>...# #...........#
.########...###...........#
.# #.....#...........# .#
#.....#...........# .#
#.....#...........# .#
#.....#...........#


There were no monsters in sight!

Vanquished Creatures
  An adder (D:2)
  3 oozes
  A worm (D:2)
  A dart slug (D:1)
  4 bats
  2 giant cockroaches (D:2)
  2 hobgoblins (D:1)
  3 jackals (D:2)
  6 kobolds
  A quokka (D:2)
  2 frilled lizards
  3 goblins (D:1)
  A rat (D:1)
30 creatures vanquished.

Vanquished Creatures (collateral kills)
  Jessica (D:2)
  Terence (D:2)
  An adder (D:2)
  A kobold (D:2)
  A bat (D:2)
5 creatures vanquished.

Grand Total: 35 creatures vanquished

Notes
Turn   | Place    | Note
-------+----------+-------------------------------------------
     0 | D:1      | Destapler the Human Wanderer began the quest for the Orb.
     0 | D:1      | Destapler set off with the following items: a +0 spear, a
                  | box of beasts, a potion of curing, a +0 robe, a ration
     0 | D:1      | Reached XP level 1. HP: 18/18 MP: 1/1
   114 | D:1      | Reached XP level 2. HP: 18/24 MP: 1/3
   431 | D:1      | Reached skill level 1 in Polearms
   592 | D:1      | Reached XP level 3. HP: 29/29 MP: 4/4
  1284 | D:2      | Noticed Jessica
  1290 | D:2      | Killed Jessica
  1290 | D:2      | Reached skill level 1 in Shields
  1290 | D:2      | Reached XP level 4. HP: 34/35 MP: 5/5
  1342 | D:2      | Noticed Terence
  1350 | D:2      | Killed Terence
  1450 | D:2      | Noticed Sigmund
  1771 | D:2      | Slain by Sigmund

Levels and vault maps discovered:
D:1:      minmay_arrival_checkered_box, layout_basic
D:2:      layout_basic, uniq_terence, uniq_sigmund, uniq_jessica

Skill      XL: |  1  2  3  4 |
---------------+-------------+-----
Polearms       | 1 2 |  2.0
Shields        | 1 |  1.5
Fighting       | |  3.7
Stealth        | |  1.0
Unarmed Combat | |  2.0
Hexes          | |  1.0
Necromancy     | |  2.0
Evocations     | |  1.9

Action                   |  1- 3 |  4- 6 || total
-------------------------+-------+-------++-------
Melee: Spear             |   101 |    59 ||   160
Evoke: Box of beasts     |     1 |       ||     1
  Use: Scroll            |       |     3 ||     3
       Potion            |       |     1 ||     1
 Stab: Sleeping          |     2 |       ||     2
  Eat: Chunk             |     1 |     1 ||     2
Armor: Robe              |     5 |       ||     5
       Leather armour    |    13 |    12 ||    25
Dodge: Dodged            |    31 |    30 ||    61
Block: Buckler           |     4 |     6 ||    10
